 Dungeon Crawl Stone Soup version 0.27-a0-1188-g73eefd5def (webtiles) character file.

Game seed: 4324405718549772507

4 chippings the Cudgeller (level 1, 16/16 HPs)
             Began as a Mummy Gladiator on May 20, 2021.
             Was a Follower of Jiyva.
             Quit the game on level 1 of the Dungeon.
             The game lasted 00:00:17 (158 turns).

chippings the Cudgeller (Mummy Gladiator)            Turns: 158, Time: 00:00:17

Health: 16/16      AC:  4    Str: 17    XL:     1   Next: 58%
Magic:  1/1        EV: 12    Int:  7    God:    Jiyva [*.....]
Gold:   0          SH:  0    Dex: 13    Spells: 0/0 levels left

rFire    x . .     SeeInvis .   a - +0 flail
rCold    + . .     Faith    .   (no shield)
rNeg     + + +     Spirit   .   b - +0 leather armour
rPois    ∞         Reflect  .   c - +0 helmet
rElec    .         Harm     .   (no cloak)
rCorr    .         Rampage  .   (no gloves)
Will     .....                  (no boots)
Stlth    +.........             (no amulet)
HPRegen  0.05/turn              (no ring)
MPRegen  0.07/turn              (no ring)

@: no status effects
A: cold resistance 1, negative energy resistance 3, torment resistance 2, heat
vulnerability 1, no potions
a: Renounce Religion, Request Jelly


You were on level 1 of the Dungeon.
You worshipped Jiyva.
Jiyva was aware of your devotion.
You visited 1 branch of the dungeon, and saw 1 of its levels.

Inventory:

Hand Weapons
 a - a +0 flail (weapon)
Missiles
 d - 3 throwing nets (quivered)
Armour
 b - a +0 leather armour (worn)
 c - a +0 helmet (worn)


   Skills:
 + Level 2.1 Fighting
 * Level 2.6 Maces & Flails
 - Level 1.5 Throwing
 - Level 2.4 Dodging


You couldn't memorise any spells.
You didn't know any spells.
Your spell library was empty.

Dungeon Overview and Level Annotations

Branches:
Dungeon (1/15)

Altars:
Jiyva


Innate Abilities, Weirdness & Mutations

You are immune to poison.
Your flesh is cold resistant. (rC+)
You are immune to negative energy. (rN+++)
You are immune to unholy pain and torment.
You are vulnerable to heat. (rF-)
You do not drink.


Message History

The hobgoblin closely misses you.
You hit the hobgoblin but do no damage.
The hobgoblin is heavily wounded.
The hobgoblin barely misses you.
You hit the hobgoblin but do no damage.
The hobgoblin is heavily wounded.
The hobgoblin misses you. The endoplasm barely misses you.
The hobgoblin misses you.
You hit the hobgoblin but do no damage.
The hobgoblin is heavily wounded.
The endoplasm hits you but does no damage.
The hobgoblin hits you.
You sock the endoplasm!
You kill the endoplasm!
You completely miss the hobgoblin.
The hobgoblin is heavily wounded.
The hobgoblin misses you.
You sock the hobgoblin!
You kill the hobgoblin!
You see here a rat corpse.
HP restored.
Found 24 stones.
You see here 24 stones.
A goblin comes into view. It is wielding a +0 dagger.
The goblin shouts!
The goblin hits you but does no damage.
You sock the goblin!
You kill the goblin!
Things that are here:
a +0 dagger; a goblin corpse
Things that are here:
a +0 dagger; a goblin corpse
Found a hand axe.
Found a faded altar of an unknown god.
There is a faded altar of an unknown god here.
You see here a -3 hand axe.
You cannot tell which god this altar belongs to.
Convert to them anyway?
Jiyva accepts your prayer! Jiyva welcomes you! Jiyva grants you a jelly!
You can now request a jelly.
Are you sure you want to abandon this character and quit the game? (Confirm with "yes".)

#..##.#.#.# ###.###..........
#....###(.# ####..##.#.##..#....
#<.### #..###...#####..##.......
#.(..##.##.##.##.#..#..##...#.#.
#..##...##...####..#.#..†.......
##########################......
...###.....####.#.# ##.##......#
##...# ##@J.......# #.....
........#..########.#.#.
#.##.#..##.......##.....
......#..#####.######.
###.#.##..#####.######. #...
#..##.........(. ####
###.####.####### ##.)..# ######


You could see a neutral jelly (wandering) (fellow slime).

Vanquished Creatures
  An endoplasm (D:1)
  A goblin (D:1)
  A hobgoblin (D:1)
  A rat (D:1)
4 creatures vanquished.

Notes
Turn   | Place    | Note
-------+----------+-------------------------------------------
     0 | D:1      | chippings the Mummy Gladiator began the quest for the Orb.
     0 | D:1      | Reached XP level 1. HP: 16/16 MP: 1/1
   150 | D:1      | Found a faded altar of an unknown god.
   157 | D:1      | Became a worshipper of Jiyva Joun the Shapeless
   157 | D:1      | Reached * piety under Jiyva
   158 | D:1      | Quit the game

Illustrated notes

Levels and vault maps discovered:
D:1:      dpeg_arrival_signposts, layout_loops_cross,
          ebering_ecumenical_altar_rust, grunt_decor_resistance,
          minmay_misc_feat_five, minmay_pentomino_q2

Action                   || total
-------------------------++-------
Melee: Flail             ||    10
Armor: Leather armour    ||     2
Dodge: Dodged            ||     8

Table legend: (Time is in decaauts)
 A = Elapsed time spent in this place.
 B = Non-inter-level travel time spent in this place.
 C = Inter-level travel time spent in this place.
 D = Time resting spent in this place.
 E = Time spent auto-exploring this place.
 F = Levels seen in this place.
 G = Mean time per level.
                   A        B        C        D        E       F      G
               +--------+--------+--------+--------+--------+-----+--------+
         Total |    160 |    160 |      0 |      0 |    123 |   1 |  160.0 |
       Dungeon |    160 |    160 |      0 |      0 |    123 |   1 |  160.0 |
               +--------+--------+--------+--------+--------+-----+--------+

Top non-repeatable levels by time:
     D:1: 160 daAuts
